[Event "*** SCC Grand Prix: Titled Tuesday Blitz"]
[Site "Chess.com"]
[Date "2020.07.07"]
[Round "4"]
[White "PotapovaM"]
[Black "124chess"]
[Result "0-1"]
[WhiteElo "2507"]
[BlackElo "2696"]
[TimeControl "180+1"]
[EndTime "10:40:59 PDT"]
[Termination "124chess won by resignation"]

1. d4 Nf6 2. c4 e6 3. Nf3 d5 4. g3 a6 5. Bg2 dxc4 6. O-O Nc6 7.
e3 Bd7 8. b3 cxb3 9. Qxb3 Rb8 10.
Nc3 Be7 11. e4 Na5 12. Qc2 Bc6 13. Rd1 Nc4 14. Bf4 O-O 15. Rac1 Na3 16. Qb3 Nxe4 17. Nxe4 Bxe4 18. Rxc7 Nb5 19. Rcc1 Rc8 20. a4 Rxc1 21.
Rxc1 Bd5 22. Qd3 Nd6 23. h4 h6 24. Ne5 Bxg2 25. Kxg2 Nf5 26. Nf3 Qd5 27. Qc4 Qd8 28.
Qc7 b5 29. a5 Qd5 30. Qc6 Qxc6 31. Rxc6 Ra8 32. Rb6 Bd8 33. Rb7 Bxa5 34. Be3 Nxe3+ 35. fxe3 Bd8 36. Ne5 Bf6 37. Nxf7 a5 38. g4 a4 39. g5 hxg5 40. hxg5 a3 41. gxf6 a2 42. fxg7 Kxg7 43. Ne5+ Kh6 44. Ng4+ Kh5 45. Rh7+ Kg6 46. Rh1 a1=Q 47.
Rxa1 Rxa1 48. Ne5+ Kf5 49. Nd3 Ke4 50. Nc5+ Kxe3 51.
Nxe6 b4 52. d5 b3 53. d6 b2 54. d7 Rd1 0-1

[Event "*** SCC Grand Prix: Titled Tuesday Blitz"]
[Site "Chess.com"]
[Date "2020.07.07"]
[Round "4"]
[White "szachuspl"]
[Black "csati17"]
[Result "1-0"]
[WhiteElo "2498"]
[BlackElo "2646"]
[TimeControl "180+1"]
[EndTime "10:40:59 PDT"]
[Termination "szachuspl won by resignation"]

1. d4 Nf6 2. c4 e6 3. Nf3 Bb4+ 4. Nbd2 a5 5. g3 O-O 6. Bg2 d5 7. O-O a4 8. Qc2 c6 9. Rd1 a3 10. b3 Nbd7 11. e4 dxe4 12. Nxe4 Nxe4 13. Qxe4 Nf6 14.
Qc2 Qa5 15. Bd2 Rd8 16. Bxb4 Qxb4 17. Ne5 Nd7 18. Nd3 Qe7 19. Rd2 Nf6 20. Ne5 Bd7 21.
c5 Be8 22. Nc4 Nd5 23. Bxd5 cxd5 24. Nb6 Ra6 25. Re1 Bb5 26. Qc3 Qe8 27. Qe3 Qc6 28.
h4 h6 29. Kg2 Qc7 30. Qe5 Qc6 31. Re3 Re8 32. g4 f6 33. Qg3 e5 34. Kh2 e4 35.
Rd1 Rxb6 36. cxb6 Qxb6 37. g5 f5 38. Rc1 hxg5 39. Qxg5 Qxd4 40. Rc7 Qe5+ 41. Qg3 f4 42.
Rxg7+ Qxg7 43. Qxf4 Qe5 44. Rg3+ Qg7 45. Rxg7+ Kxg7 46. Qc7+ Kf6 47. Qxb7 Ke5 48. Qxb5 Rf8 49. Qc5 Rf3 50.
Kg2 Kf4 51. Qxa3 Rd3 52. Qd6+ Kf5 53. h5 Rd2 54. Qg6+ Ke5 55. Qg5+ Kd4 56. Qxd2+ Kc5 57.
h6 d4 58. h7 e3 59. fxe3 d3 60. Qxd3 Kb4 61. Qd4+ Ka3 62. b4 Ka4 63. b5+ Ka3 64. b6 Kxa2 65. b7 Kb1 66. Qc4 Ka1 67. Qb5 1-0

[Event "*** SCC Grand Prix: Titled Tuesday Blitz"]
[Site "Chess.com"]
[Date "2020.07.07"]
[Round "4"]
[White "Gloomy_Wanderer"]
[Black "kirillshevchenko"]
[Result "0-1"]
[WhiteElo "2751"]
[BlackElo "2948"]
[TimeControl "180+1"]
[EndTime "10:41:00 PDT"]
[Termination "kirillshevchenko won on time"]

1. d4 Nf6 2. Nf3 g6 3. c4 Bg7 4.
g3 O-O 5. Bg2 d6 6. O-O Nbd7 7. Nc3 e5 8. e4 c6 9. h3 Qa5 10. dxe5 dxe5 11. a3 Qc7 12. Be3 Rd8 13. Qc2 Nf8 14. Rad1 Be6 15. b3 b6 16. Ng5 h6 17. Nf3 Kh7 18. Kh2 g5 19. Kg1 Ng6 20. Rxd8 Rxd8 21. Rd1 Rd7 22. Bf1 Qc8 23. Rxd7 Qxd7 24.
Kh2 g4 25. Ng1 gxh3 26. f3 h5 27. Nxh3 h4 28. gxh4 Nxh4 29. Qf2 Ng6 30. Ng5+ Kg8 31. Nxe6 Qxe6 32. Bh3 Qd6 33. c5 bxc5 34. Na4 c4 35.
b4 Nf4 36. Bf1 N6h5 37. Bxa7 Qh6 38. Kg1 Qg5+ 39. Kh2 Bf6 40. Nc3 Qh6 41. Kg1 Qg6+ 42. Kh2 Nd3 43. Qg2 Bg5 44. Kg1 Nhf4 45. Qg4 Ne6 46. a4 Nxb4 47. a5 c5 48. Bb6 Kf8 49. Bxc4 Be3+ 50. Kf1 Qh6 51. Bxe6 fxe6 52. Ke2 Bd4 53. Qg2 Qe3+ 54. Kf1 Qxc3 55. Qg5 Qxf3+ 56. Ke1 Bc3+ 0-1

[Event "*** SCC Grand Prix: Titled Tuesday Blitz"]
[Site "Chess.com"]
[Date "2020.07.07"]
[Round "4"]
[White "ChessLover0108"]
[Black "AldokhinIvan"]
[Result "1/2-1/2"]
[WhiteElo "2691"]
[BlackElo "2523"]
[TimeControl "180+1"]
[EndTime "10:41:01 PDT"]
[Termination "Game drawn by repetition"]

1. Nf3 Nf6 2. d4 g6 3. c4 Bg7 4. Nc3 d6 5. e4 O-O 6. Be2 Nc6 7.
Be3 Re8 8. d5 Nb4 9. O-O e6 10.
dxe6 Bxe6 11. Nd4 Bd7 12. f3 a6 13. Bf2 Rb8 14. Rc1 Nh5 15. Qd2 Be5 16. g3 c5 17. Nb3 Be6 18. f4 Bg7 19. f5 Bc8 20. Bxh5 gxh5 21. Rce1 b5 22. cxb5 Bb7 23. a3 c4 24. axb4 cxb3 25. Bd4 Bxd4+ 26. Qxd4 Re5 27. bxa6 Bxa6 28. Rf2 Qb6 29. Rd2 Qxb4 30. Qxb4 Rxb4 31. Rxd6 Bb7 32. f6 h6 33. Rd7 Bc6 34. Rc7 Bxe4 35. Re7 Rxe7 36. fxe7 Bc6 37. e8=Q+ Bxe8 38. Rxe8+ Kg7 39.
Re2 Kg6 40. h4 Rd4 41. Kf2 Rd3 42. Kg2 Kf5 43. Rf2+ Ke6 44. Ne4 Re3 45. Nf6 Re5 46.
Kh3 Rc5 47. Kg2 Rc2 48. Nxh5 Ke5 49. Nf4 Ke4 50. Re2+ Kd4 51. Kf2 Rc1 52. Rd2+ Ke4 53. Rd4+ Kf5 54. Rd2 Ke4 55. Re2+ Kd4 56. Rd2+ Ke4 1/2-1/2

[Event "*** SCC Grand Prix: Titled Tuesday Blitz"]
[Site "Chess.com"]
[Date "2020.07.07"]
[Round "4"]
[White "LikeWater"]
[Black "TigrVShlyape"]
[Result "0-1"]
[WhiteElo "2657"]
[BlackElo "2897"]
[TimeControl "180+1"]
[EndTime "10:41:02 PDT"]
[Termination "TigrVShlyape won on time"]

1. e4 e5 2. Nf3 Nc6 3. Bc4 Nf6 4. d3 h6 5. c3 d6 6. O-O g6 7. Re1 Bg7 8. Nbd2 O-O 9. Nf1 Bd7 10. a4 Qe8 11. Ng3 Na5 12. Ba2 Kh8 13. b4 Bxa4 14.
Qe2 Nb3 15. Bxb3 Bxb3 16. c4 b5 17. Ra5 a6 18. Nd2 Ba4 19. Nb1 bxc4 20. dxc4 Bc6 21. Nc3 Bb7 22. Be3 Qe6 23. Nd5 Rac8 24. h3 Nd7 25.
Qd2 Kh7 26. f4 exf4 27. Nxf4 Qxc4 28. Rc1 Qb3 29. Nd5 Qb2 30. Rc2 Qe5 31. Bf4 Qe6 32.
Nxc7 Qf6 33. Qxd6 Rfd8 34. Raa2 Ne5 35. Qxf6 Bxf6 36. Nd5 Bxd5 37. exd5 Rxc2 38. Rxc2 Rxd5 39. Ne4 Bg7 40. Rc7 g5 41. Bxe5 Bxe5 42. Rxf7+ Kg6 43. Rb7 Kf5 44. Nf2 Bd4 45. Kf1 Rb5 46. Rxb5+ axb5 47. Nd3 Ke4 48. Ke2 Kd5 49. Kf3 h5 50. g3 Kc4 51.
Ke4 Bc3 52. g4 hxg4 53. hxg4 Bxb4 54. Ne5+ Kc3 55. Nf7 Bc5 56. Kd5 b4 57. Kxc5 b3 58. Nxg5 b2 59. Ne4+ Kc2 0-1

[Event "*** SCC Grand Prix: Titled Tuesday Blitz"]
[Site "Chess.com"]
[Date "2020.07.07"]
[Round "4"]
[White "Ave_Mariia"]
[Black "Riptide27"]
[Result "1-0"]
[WhiteElo "2347"]
[BlackElo "2507"]
[TimeControl "180+1"]
[EndTime "10:41:02 PDT"]
[Termination "Ave_Mariia won on time"]

1. c4 e5 2. Nc3 Nf6 3. g3 d5 4. cxd5 Nxd5 5. Bg2 Nb6 6. Nf3 Nc6 7. O-O Be7 8. a3 O-O 9. b4 Be6 10. Bb2 f6 11. b5 Nd4 12. Nxd4 exd4 13. Na4 Bd5 14. Nxb6 axb6 15. e4 Bf7 16. Re1 Bc5 17. e5 fxe5 18. Rxe5 Qf6 19. Qe1 Rae8 20. f4 Rxe5 21.
Qxe5 Qxe5 22. fxe5 Bc4 23. Bxb7 Bxb5 24. Bd5+ Kh8 25. a4 Be2 26. Ba3 Bxa3 27. Rxa3 g6 28. a5 bxa5 29. Rxa5 Re8 30. Bc6 Re7 31. Kf2 Bg4 32.
Kg2 Kg7 33. h3 Be6 34. g4 g5 35. Kf3 Rf7+ 36. Ke4 Rf4+ 37. Kd3 Bf7 38. Be4 Bg6 39. Bxg6 Kxg6 40. Rc5 Rf3+ 41. Kxd4 Rxh3 42. Rc6+ Kf7 43. Rxc7+ Ke6 44. Rc6+ Kd7 45. Rd6+ Ke7 46. Ke4 h5 47. gxh5 Rxh5 48. d4 Rh4+ 49. Kf5 g4 50. Kg5 Rh1 51. Kxg4 Rf1 52. d5 Rf2 53. Re6+ Kf7 54. Ra6 Rf1 55.
Kg5 1-0

[Event "*** SCC Grand Prix: Titled Tuesday Blitz"]
[Site "Chess.com"]
[Date "2020.07.07"]
[Round "4"]
[White "Jumbo"]
[Black "alexrustemov"]
[Result "0-1"]
[WhiteElo "2889"]
[BlackElo "2735"]
[TimeControl "180+1"]
[EndTime "10:41:03 PDT"]
[Termination "alexrustemov won on time"]

1. d4 d5 2. c4 e6 3. Nf3 Nf6 4. g3 Bb4+ 5. Bd2 Be7 6. Bg2 O-O 7. O-O c6 8. Qc2 Nbd7 9. Rd1 b6 10. b3 Bb7 11.
Nc3 Rc8 12. e4 h6 13. e5 Ne8 14. Bf4 Nc7 15. Qd2 c5 16. Bxh6 gxh6 17. Qxh6 Re8 18.
h4 Bf8 19. Qh5 Qe7 20. cxd5 Nxd5 21. Ne4 Bg7 22. Nfg5 Nf8 23. Nd6 f6 24. Nxc8 Rxc8 25. exf6 Nxf6 26. Qe2 Bxg2 27. Kxg2 cxd4 28. Re1 Re8 29.
Qc4 N6h7 30. Nf3 Qd6 31. Rad1 Rd8 32. Rd3 Qd5 33. Qxd5 Rxd5 34. Nd2 e5 35. g4 Nf6 36. Kg3 Rc5 37. g5 Nh5+ 38. Kg4 Nf4 39. Rf3 Rc2 40.
Ne4 Rxa2 41. h5 N8e6 42. h6 Bh8 43. Kf5 Kf7 44. Nd6+ Ke7 45. Nc4 d3 46. Nxe5 d2 47. Rd1 Bxe5 48. Kxe5 Ng6+ 49. Kf5 Nh4+ 0-1

[Event "*** SCC Grand Prix: Titled Tuesday Blitz"]
[Site "Chess.com"]
[Date "2020.07.07"]
[Round "4"]
[White "ehrenfeld"]
[Black "Trickov"]
[Result "1-0"]
[WhiteElo "2515"]
[BlackElo "2326"]
[TimeControl "180+1"]
[EndTime "10:41:03 PDT"]
[Termination "ehrenfeld won by resignation"]

1. e4 c5 2. d3 Nc6 3. f4 g6 4. Nf3 Bg7 5. Be2 e6 6. O-O Nge7 7. c3 O-O 8. Be3 b6 9. Na3 d5 10. e5 d4 11. Bf2 Nf5 12. g4 Ne3 13.
Bxe3 dxe3 14. g5 Bb7 15. Nc2 Nxe5 16. fxe5 Bxf3 17. Bxf3 Qxg5+ 18. Kh1 Rad8 19. Qe2 Bxe5 20. Qxe3 Qxe3 21. Nxe3 Rxd3 22. Nc4 Bc7 23. Rad1 Rfd8 24. Be2 Rxd1 25. Rxd1 Rxd1+ 26. Bxd1 f5 27. Kg2 Kf7 28.
h3 e5 29. Ne3 e4 30. Bb3+ Kg7 31. Nd5 Be5 32. Ne7 Bf4 33. Bc4 Bc1 34. b3 Bd2 35.
Nc8 Bxc3 36. Nxa7 f4 37. Bd5 e3 38. Kf3 g5 39. Nc8 b5 40. Nd6 b4 41. Ne4 Kg6 42. Nxc5 h5 43. Be6 Kf6 44. Bc8 Ke5 45. Ne4 g4+ 46. hxg4 hxg4+ 47. Bxg4 Be1 48. Nc5 Bg3 49. Nd3+ Kd4 50. Nxf4 Bxf4 51. Kxf4 Kd3 52. Ke5 e2 53. Bxe2+ Kxe2 54. Kd4 Kd2 55. Kc4 Kc2 56. Kxb4 Kb2 57. Kc5 Kxa2 58. b4 1-0

[Event "*** SCC Grand Prix: Titled Tuesday Blitz"]
[Site "Chess.com"]
[Date "2020.07.07"]
[Round "4"]
[White "1977Ivan"]
[Black "VincentKeymer"]
[Result "0-1"]
[WhiteElo "2695"]
[BlackElo "2883"]
[TimeControl "180+1"]
[EndTime "10:41:04 PDT"]
[Termination "VincentKeymer won on time"]

1. c4 e6 2. Nf3 d5 3. g3 d4 4. Bg2 c5 5. O-O Nc6 6. e3 Nf6 7. d3 Bd6 8. Nbd2 O-O 9. e4 e5 10. Ne1 Ne8 11. f4 exf4 12. gxf4 f5 13. e5 Be7 14.
Bd5+ Kh8 15. Bxc6 bxc6 16. Ng2 Nc7 17. Nf3 Bd7 18. Kh1 Be8 19. Ng1 Ne6 20. Qf3 a5 21. Ne2 a4 22. Bd2 h6 23. Rg1 Rb8 24. Rab1 Qd7 25. h4 Bf7 26. Qh3 Bh5 27. Ng3 Bg4 28.
Qh2 g6 29. Nf1 Kg7 30. Qg3 g5 31. Nh2 Bh5 32. fxg5 hxg5 33. hxg5 Rh8 34. Nh4 Bg6 35. Rg2 Rh5 36. Rf1 Rf8 37. Rgf2 f4 38. Bxf4 Nxf4 39. Rxf4 Rxf4 40. Rxf4 Bxg5 41. Nxg6 Kxg6 42. Rf6+ Kh7 43. e6 Qe8 44. Rf7+ Kh6 45. Qe5 Qg8 46. e7 Qxf7 47.
Qh8+ Kg6 48. e8=Q Rxh8 49. Qxh8 Qf5 50. Qg8+ Kh6 51. Qh8+ Kg6 52. Qe8+ Kh6 53. Qxc6+ Kg7 54. Qc7+ Kg6 55. Qb6+ Bf6 56. Qc6 Qxd3 57. Qg2+ Kh6 0-1

[Event "*** SCC Grand Prix: Titled Tuesday Blitz"]
[Site "Chess.com"]
[Date "2020.07.07"]
[Round "4"]
[White "David_Paravyan"]
[Black "carlesdc96"]
[Result "1-0"]
[WhiteElo "2984"]
[BlackElo "2702"]
[TimeControl "180+1"]
[EndTime "10:41:05 PDT"]
[Termination "David_Paravyan won by resignation"]

1. d4 e6 2. Nf3 Nf6 3. e3 b6 4.
Bd3 Bb7 5. O-O Be7 6. b3 O-O 7. Bb2 c5 8. Nbd2 d5 9. dxc5 bxc5 10.
c4 Nc6 11. cxd5 exd5 12. Rc1 Nb4 13. Bb1 Ba6 14. Re1 Rc8 15. Ne5 Nd7 16. Bf5 Nxe5 17.
Bxc8 Ned3 18. Bxa6 Nxa6 19. Qe2 Nab4 20. a3 Nxc1 21.
Rxc1 Nc6 22. b4 Qb6 23. b5 Na5 24. a4 c4 25. e4 dxe4 26. Nxc4 Nxc4 27. Rxc4 Bf6 28.
Rc6 Qd8 29. Bxf6 gxf6 30. g3 f5 31. Qe3 Qd5 32. Kg2 Rd8 33. Qg5+ Kh8 34. Qf6+ Kg8 35.
Kh3 f4 36. Qxf4 Qh5+ 37. Qh4 Qxh4+ 38. Kxh4 Rd2 39. Rf6 e3 40. fxe3 Rxh2+ 41. Kg4 Re2 42. Kf3 Rd2 43. Ra6 Rd7 44. g4 Kg7 45. g5 Re7 46. Kf4 Rd7 47. e4 Kf8 48. Kf5 Ke7 49.
e5 Rc7 50. Rh6 Rc4 51. Ra6 Rc7 52. Ke4 Rd7 53. Rh6 Rc7 54. Kd5 Rd7+ 55. Kc5 Rd1 56. Rxh7 Ke6 57. Rh8 Ra1 58. Kb4 Rd1 59. Re8+ Kf5 60.
Re7 Kxg5 61. Rxf7 1-0

[Event "*** SCC Grand Prix: Titled Tuesday Blitz"]
[Site "Chess.com"]
[Date "2020.07.07"]
[Round "4"]
[White "SARGISMV"]
[Black "aleksandrovaleksei"]
[Result "0-1"]
[WhiteElo "2477"]
[BlackElo "2651"]
[TimeControl "180+1"]
[EndTime "10:41:05 PDT"]
[Termination "aleksandrovaleksei won by resignation"]

1. d4 Nf6 2. c4 e6 3. Nc3 Bb4 4. e3 O-O 5. Nf3 c5 6. Bd2 cxd4 7.
Nxd4 b6 8. a3 Bxc3 9. Bxc3 Ne4 10. Bb4 Re8 11. Bd3 Bb7 12. O-O Qg5 13. f4 Qg6 14. Qf3 f5 15. Qh3 Na6 16. Rad1 Nxb4 17. axb4 a5 18. bxa5 Rxa5 19. Nb5 Ra2 20. Bxe4 Bxe4 21.
Rxd7 Rxb2 22. Rf2 Rb1+ 23. Rf1 Rxf1+ 24. Kxf1 Ra8 25. Nc3 Bc6 26. Rc7 Qf6 27. Ne2 Be4 28.
Kf2 h6 29. Qh5 Kh7 30. Kg3 Ra3 31. Kf2 Ra2 32. Rd7 Rc2 33. Rd4 e5 34. fxe5 Qxe5 35.
Qh4 b5 36. Qf4 Qxf4+ 37. exf4 b4 38. g3 b3 39. c5 b2 40. Rb4 Bd3 41. Ke3 Bxe2 42. c6 Bg4 43. c7 Rxc7 44. Rxb2 Rc6 45. Kd4 Re6 46. Kd5 Re1 47. Rd2 Kg6 48. Rf2 Re2 49.
Rxe2 Bxe2 50. Ke5 Bg4 51. h4 Kf7 52. Kd5 Ke7 53. Ke5 g6 54. Kd5 h5 55. Ke5 Bf3 56. Kd4 Kd6 57. Ke3 Bc6 58. Kd4 Bd5 59. Kd3 Kc5 60. Kc3 Be4 61. g4 fxg4 62. Kd2 Kd4 63.
Ke2 Bf5 64. Kf2 Ke4 65. Kg3 Ke3 66. Kh2 Kxf4 67. Kg2 g3 68. Kh1 Kg4 69. Kg1 Kxh4 70. Kg2 Kg4 71. Kh1 h4 72. Kg1 h3 73. Kh1 Be4+ 74. Kg1 0-1

[Event "*** SCC Grand Prix: Titled Tuesday Blitz"]
[Site "Chess.com"]
[Date "2020.07.07"]
[Round "4"]
[White "ViktoriyaTarasova"]
[Black "AwareIdea"]
[Result "0-1"]
[WhiteElo "2249"]
[BlackElo "2479"]
[TimeControl "180+1"]
[EndTime "10:41:05 PDT"]
[Termination "AwareIdea won by resignation"]

1. d4 f5 2. c4 Nf6 3. g3 g6 4.
Bg2 Bg7 5. Nf3 O-O 6. O-O d6 7. Nc3 Nc6 8. b3 e5 9. dxe5 Nxe5 10. Nxe5 dxe5 11. e4 c6 12. Qe2 f4 13. Ba3 Rf7 14.
Rad1 Qe8 15. Rfe1 Be6 16. gxf4 Nh5 17. f5 Nf4 18. Qc2 gxf5 19. exf5 Rxf5 20. Be4 Qh5 21. Kh1 Nh3 22. Bc5 Raf8 23. Rf1 R8f7 24. Rd8+ Bf8 25.
f3 R5f6 26. Bxf8 Rxf8 27. Qg2+ Kh8 28. Rfd1 Ng5 29. Rxf8+ Rxf8 30. Rf1 Bh3 31. Qg3 Nxe4 32. Nxe4 Bxf1 33. Ng5 Qg6 34. Qxe5+ Qf6 35. Qg3 Be2 36. h4 Bxf3+ 37. Kh2 Bh5 38. Qd3 Bg6 39. Qd7 Qf2+ 40. Kh3 Qf6 41. Kh2 Bf5 42. Qd2 Bg6 43. Nh3 Qf5 44.
Qg2 Qf6 45. Qg3 Bf5 46. Ng5 Bg6 47. Qg2 Qf2 48. Qxf2 Rxf2+ 49. Kg3 Rxa2 50. Kf4 Rb2 51. Ke5 Rxb3 52. Ne6 a5 53. Nc5 Rb2 54. h5 Bxh5 55.
Kf6 Bg6 56. Ke5 Rf2 0-1

[Event "*** SCC Grand Prix: Titled Tuesday Blitz"]
[Site "Chess.com"]
[Date "2020.07.07"]
[Round "4"]
[White "PauloCesarCosta_sad"]
[Black "colegiodemadrid"]
[Result "0-1"]
[WhiteElo "2217"]
[BlackElo "2416"]
[TimeControl "180+1"]
[EndTime "10:41:05 PDT"]
[Termination "colegiodemadrid won on time"]

1. Nf3 Nf6 2. c4 g6 3. g3 d6 4. Bg2 e5 5. O-O Bg7 6. Nc3 O-O 7. d4 exd4 8. Nxd4 Re8 9. b3 Nbd7 10. Bb2 c6 11.
Nc2 Nc5 12. Ne3 Qc7 13. Qd2 Be6 14. Rad1 Rad8 15. h3 a5 16. Ba3 Qb6 17. Bxc5 dxc5 18. Qc2 Qc7 19. Rxd8 Rxd8 20. Rd1 Re8 21. Qd2 Qc8 22.
Kh2 Nd7 23. Ne4 Qc7 24. Qd6 Be5 25. Qxc7 Bxc7 26. Rxd7 Bxd7 27. Nf6+ Kg7 28. Nxe8+ Bxe8 29. Bf3 Bd7 30. Kg2 b5 31. Bg4 f5 32. Bf3 b4 33. Nc2 Kf6 34. Ne1 Ke5 35. e3 Kd6 36.
Nd3 Bd8 37. Kf1 Bf6 38. Ke2 h5 39. h4 Be7 40. Nf4 Be8 41. Nd3 Bf7 42. Nf4 Kc7 43.
Nd3 Kb6 44. Ne5 Be8 45. Nd3 Bf6 46. Bg2 Bf7 47. Bf3 Be7 48. Bg2 Bd6 49. Bf3 a4 50. Bg2 Ka5 51. Bf3 Be6 52. Kd2 Bd7 53. Kc2 Be8 54.
Bg2 Kb6 55. Bf3 Bf7 56. Bg2 a3 57. Bf3 Kc7 58. Bg2 Kd7 59. Kd2 Be8 60. Bf3 Ke6 61. Bg2 Kf6 62. Bf3 g5 63. hxg5+ Kxg5 64. Bg2 h4 65.
gxh4+ Kxh4 66. Ke2 Kg4 67. Bf3+ Kh3 68. Kf1 Kh2 69. Bg2 Bh5 70. Bxc6 Bd1 71. Bd5 Bxb3 0-1

[Event "*** SCC Grand Prix: Titled Tuesday Blitz"]
[Site "Chess.com"]
[Date "2020.07.07"]
[Round "4"]
[White "wonderfultime"]
[Black "Grandelicious"]
[Result "0-1"]
[WhiteElo "2999"]
[BlackElo "2790"]
[TimeControl "180+1"]
[EndTime "10:41:06 PDT"]
[Termination "Grandelicious won by checkmate"]

1. d4 Nf6 2. Nf3 d5 3. Bf4 c5 4.
c3 e6 5. e3 Bd6 6. Bg3 Qc7 7.
Nbd2 Nbd7 8. Bd3 O-O 9. O-O Bxg3 10. hxg3 b6 11. a4 Bb7 12. a5 e5 13. dxe5 Nxe5 14.
Nxe5 Qxe5 15. Qa4 Qh5 16. Rfe1 Ng4 17. Nf1 Ne5 18. Be2 Qg6 19. Red1 Rfd8 20. Qf4 Qe6 21. Nd2 h6 22. Nf3 Ng6 23. Qa4 Ne7 24. Qb3 Rab8 25. axb6 axb6 26. Rd2 Nf5 27. Ra7 Bc6 28. Rd1 Nd6 29.
Qc2 Ne4 30. Rda1 Qf6 31. Qb3 g5 32. Rf1 g4 33. Nh2 Nd2 34. Nxg4 Qg7 35. Qc2 Nxf1 36.
Kxf1 Bd7 37. Nh2 Be6 38. Nf3 Ra8 39. Qa4 Qf8 40. Kg1 Rxa7 41. Qxa7 Qd6 42. Qa4 Bf5 43.
Qh4 Kg7 44. Bb5 Bg6 45. g4 Qf6 46. Qg3 Ra8 47. Ne5 Ra1+ 48. Kh2 Rb1 49. Nd7 Qe7 50. Bc6 Rxb2 51. Ne5 Rd2 52. c4 dxc4 53. Nxc4 Rd1 54. Ne5 Qd6 55. f4 c4 56. f5 c3 57. fxg6 fxg6 58. Qf4 Qf6 59. Qe4 Qh4# 0-1

[Event "*** SCC Grand Prix: Titled Tuesday Blitz"]
[Site "Chess.com"]
[Date "2020.07.07"]
[Round "4"]
[White "Raja3401"]
[Black "pedromartinez91"]
[Result "0-1"]
[WhiteElo "2769"]
[BlackElo "2554"]
[TimeControl "180+1"]
[EndTime "10:41:06 PDT"]
[Termination "pedromartinez91 won on time"]

1. e4 e6 2. d4 d5 3. Nd2 Nf6 4. e5 Ne4 5. Nxe4 dxe4 6. Bc4 Qd7 7. Be3 c5 8. Ne2 b5 9. d5 bxc4 10. d6 Nc6 11. Bf4 f6 12. Nc3 fxe5 13. Bg3 Bxd6 14. Nxe4 Be7 15. Qg4 O-O 16. O-O Nd4 17. Bxe5 Nf5 18.
Rad1 Qc6 19. Rfe1 Bb7 20. f3 Rad8 21. Ng5 Bxg5 22. Qxg5 Rxd1 23. Rxd1 h6 24. Qg6 Qe8 25. Qg4 Bd5 26. Re1 Qf7 27. Bc3 Kh7 28. a4 Qg6 29.
Qf4 Rf7 30. Qe5 Nh4 31. Qg3 Qxg3 32. hxg3 Nf5 33. g4 Nd4 34. a5 Nxc2 35. Re5 Nd4 36. Kf2 Rb7 37. g5 Nc6 38. Re1 Nd4 39. gxh6 gxh6 40. Rh1 Kg6 41. Rh4 h5 42. Rf4 Rb5 43.
Rf8 Rb7 44. Rg8+ Rg7 45. Rh8 Rh7 46. Rg8+ Kf6 47. Rc8 h4 48. Rxc5 Kg6 49. Bxd4 h3 50. Rc8 h2 51. Rf8 h1=Q 52. Rf6+ Kg5 53. g3 Qh2+ 54. Ke3 Qxg3 55. Rf8 Kh6 56. Rf6+ Kh5 0-1

[Event "*** SCC Grand Prix: Titled Tuesday Blitz"]
[Site "Chess.com"]
[Date "2020.07.07"]
[Round "4"]
[White "Alexandercs432"]
[Black "mikheeva86"]
[Result "0-1"]
[WhiteElo "2131"]
[BlackElo "1925"]
[TimeControl "180+1"]
[EndTime "10:41:06 PDT"]
[Termination "mikheeva86 won by checkmate"]

1. e4 e5 2. Nf3 Nc6 3. Bb5 Nd4 4. Ba4 Nxf3+ 5. Qxf3 Qf6 6. Qe2 Bc5 7. O-O Ne7 8. c3 O-O 9. d3 d6 10. Be3 Bb6 11. Nd2 Ng6 12. Rad1 Nf4 13. Bxf4 Qxf4 14. Qf3 Qxf3 15. Nxf3 Bg4 16. Rfe1 f5 17. Bb3+ Kh8 18. h3 fxe4 19. hxg4 exf3 20. g3 Rf6 21. d4 exd4 22.
cxd4 Rg6 23. Re4 Rf8 24. Rde1 h6 25. R1e3 c6 26. Bd1 d5 27. Re8 Rf6 28. Rxf8+ Rxf8 29. Rxf3 Rxf3 30. Bxf3 Bxd4 31. b3 Kg8 32. Kf1 Kf7 33.
Ke2 Ke6 34. Bg2 Bb6 35. f4 c5 36. a4 Bc7 37. Kd3 a6 38. Ke2 b5 39. axb5 axb5 40.
Kd3 Bb6 41. Ke2 c4 42. bxc4 dxc4 43. Bc6 b4 44. Bb5 Kd5 45. f5 Kd4 46. Kd2 Bc7 47.
Bd7 Bxg3 48. Be6 b3 49. Kc1 Kc3 50. Kb1 Kb4 51. Bf7 c3 52. Be6 c2+ 53. Kb2 Be5+ 54. Kc1 Bf4+ 55. Kb2 c1=Q# 0-1

[Event "*** SCC Grand Prix: Titled Tuesday Blitz"]
[Site "Chess.com"]
[Date "2020.07.07"]
[Round "4"]
[White "Zq1"]
[Black "MihailNik"]
[Result "1-0"]
[WhiteElo "2521"]
[BlackElo "2675"]
[TimeControl "180+1"]
[EndTime "10:41:07 PDT"]
[Termination "Zq1 won by checkmate"]

1. d4 d5 2. c4 c6 3. Nf3 Nf6 4. Nc3 dxc4 5. a4 Bf5 6. Ne5 Na6 7. Nxc4 Nb4 8. Ne3 Bg6 9. f3 e6 10. g3 c5 11. dxc5 Qxd1+ 12. Ncxd1 Bxc5 13. Bd2 Nfd5 14. Rc1 Bd4 15. Nxd5 Nxd5 16. e4 Nb6 17. Bb5+ Ke7 18. Bb4+ Kf6 19. Rc7 Rhc8 20. Be7+ Ke5 21. Rxb7 Rc1 22.
Bd3 Bxb2 23. Kd2 Rac8 24. a5 Na4 25. Rb5+ Nc5 26. Rxb2 Nxd3 27. Kxd3 a6 28. Ke3 Bxe4 29. fxe4 R8c7 30. Bb4 f5 31. Bc3+ R7xc3+ 32. Nxc3 Rxh1 33.
exf5 exf5 34. Rd2 Rc1 35. Rd3 Ra1 36. Ne2 Rxa5 37. h4 Rb5 38. Nf4 a5 39. Rd7 g6 40.
Rxh7 Rb3+ 41. Kf2 Rb2+ 42. Kf3 Rb3+ 43. Kg2 a4 44. Nxg6+ Kf6 45. Nf4 a3 46. Ra7 Rb2+ 47. Kh3 a2 48. Ra6+ Ke5 49. h5 Ke4 50. h6 Kf3 51.
Ra3+ Kf2 52. h7 Kg1 53. Kh4 Rb3 54. Nh3+ Kh2 55. Rxa2+ Rb2 56. Rxb2+ Kh1 57. Rb1+ Kg2 58. Re1 Kh2 59. Re2+ Kh1 60. Rf2 f4 61. Rxf4 Kg2 62. h8=Q Kh1 63. Qa1+ Kh2 64. Qb2+ Kh1 65. Rf1# 1-0

[Event "*** SCC Grand Prix: Titled Tuesday Blitz"]
[Site "Chess.com"]
[Date "2020.07.07"]
[Round "4"]
[White "Kobalia"]
[Black "Artyom_ChessMate"]
[Result "1-0"]
[WhiteElo "2694"]
[BlackElo "2506"]
[TimeControl "180+1"]
[EndTime "10:41:09 PDT"]
[Termination "Kobalia won by resignation"]

1. e4 c5 2. Nf3 d6 3. Bb5+ Bd7 4.
Bxd7+ Qxd7 5. O-O Nc6 6. c3 Nf6 7. d4 cxd4 8. cxd4 Nxe4 9. d5 Ne5 10. Re1 Nf6 11. Nxe5 dxe5 12. Rxe5 g6 13. Nc3 Bg7 14.
Qe2 Ng4 15. Re4 Nf6 16. Re3 Rd8 17. h3 b5 18. a3 Qb7 19. Nxb5 Nxd5 20. Rb3 O-O 21.
Bg5 h6 22. Bh4 Qd7 23. Qf3 a6 24. Nc3 Nxc3 25. bxc3 Rb8 26. Rxb8 Rxb8 27. Rd1 Qe6 28. c4 Rc8 29. Qd5 Rxc4 30. Qxe6 fxe6 31. Bxe7 Kf7 32.
Bb4 Bd4 33. g3 e5 34. Rd2 Ke6 35. Kg2 Kd5 36. Kf3 h5 37. g4 hxg4+ 38. hxg4 Rc7 39.
Re2 Rf7+ 40. Kg2 Rh7 41. Rc2 Rd7 42. a4 Ke4 43. Rc6 a5 44. Bxa5 Ra7 45. Be1 Rxa4 46. Rxg6 Ra1 47. Bb4 Ra2 48. Rf6 Rb2 49. Bf8 Rb7 50.
g5 Kd5 51. g6 e4 52. Rf4 Ke5 53. g7 Rxg7+ 54. Bxg7+ Kxf4 55. Bxd4 Kf5 56. Be3 Ke5 57.
Kg3 Kf5 58. Kh4 Ke5 59. Kg4 Kd5 60. Kf4 Kc4 61. Kxe4 1-0

[Event "*** SCC Grand Prix: Titled Tuesday Blitz"]
[Site "Chess.com"]
[Date "2020.07.07"]
[Round "4"]
[White "Fluffey"]
[Black "mjray79"]
[Result "0-1"]
[WhiteElo "2445"]
[BlackElo "2319"]
[TimeControl "180+1"]
[EndTime "10:41:09 PDT"]
[Termination "mjray79 won by checkmate"]

1. e4 e5 2. Nf3 Nc6 3. d4 exd4 4. Nxd4 Nf6 5. Nc3 Bb4 6. Nxc6 bxc6 7. Bd3 d5 8. exd5 cxd5 9. O-O O-O 10. h3 c6 11.
Qf3 Be7 12. Bf4 Bb7 13. Rfe1 c5 14. Rad1 Qd7 15. Be5 d4 16. Ne4 Nxe4 17. Bxe4 Bxe4 18.
Qxe4 Rfe8 19. c3 Bf6 20. cxd4 cxd4 21. Rxd4 Qc8 22. Qf4 Qc5 23. Rde4 Bxe5 24. Rxe5 Rxe5 25. Qxe5 Qc6 26. Re3 h6 27. Rc3 Qg6 28. Rg3 Qb1+ 29.
Kh2 g6 30. Qd5 Re8 31. Rxg6+ Qxg6 32. Qd4 Qe6 33. Qxa7 Qe5+ 34. Kg1 Qxb2 35. g3 Re2 36. h4 Qxa2 37. Qd4 Qe6 38. Kh2 Qe4 39. Qd8+ Kh7 40. Qb6 Qf3 41. Qb1+ Kg7 42. Qa1+ Qf6 43. Qxf6+ Kxf6 44. Kg2 Kf5 45. Kf3 Ra2 46. g4+ Kf6 47. Kg3 Kg6 48. f3 f5 49. h5+ Kg5 50. f4+ Kf6 51. Kh4 fxg4 52. f5 Ra4 53. Kg3 Kxf5 54.
Kh4 g3+ 55. Kxg3 Kg5 56. Kh3 Kxh5 57. Kg3 Kg5 58. Kg2 h5 59. Kh2 Kg4 60. Kg2 Ra2+ 61. Kf1 Kg3 62. Ke1 h4 63. Kd1 h3 64. Kc1 h2 65.
Kb1 Rg2 66. Ka1 h1=Q# 0-1